 Dungeon Crawl Stone Soup version 0.17-a0-2118-g63bad21 (webtiles) character file.

93 jalm the Changer (level 4, 0/32 HPs)
             Began as a Merfolk Transmuter on Oct 21, 2015.
             Slain by an adder skeleton (3 damage)
             ... on level 4 of the Dungeon.
             The game lasted 00:08:55 (3134 turns).

jalm the Changer (Merfolk Transmuter)               Turns: 3134, Time: 00:08:55

Health: 0/32       AC:  3    Str: 10    XL:     4   Next: 61%
Magic:  1/7        EV: 13    Int: 13    God:
Gold:   190        SH:  0    Dex: 14    Spells: 3 memorised, 1 level left

rFire  . . .     SeeInvis .       - Unarmed
rCold  . . .     Clarity  .     b - +0 robe
rNeg   . . .     SustAt   .     (no shield)
rPois  .         Gourm    .     (no helmet)
rElec  .         Spirit   .     m - +0 cloak
rCorr  .         Warding  .     (no gloves)
rMut   .         Stasis   .     (no boots)
MR     .....                    (no amulet)
Stlth  +.........               (no ring)
                                (no ring)

@: appendage, very slightly contaminated, not resistant to hostile enchantments,
very unstealthy
A: change form in water, swift swim, horns 2
a: End Transformation


You were on level 4 of the Dungeon.
You were not hungry.
You had grown temporary horns.
You visited 1 branch of the dungeon, and saw 4 of its levels.

You collected 190 gold pieces.

Inventory:

Missiles
 a - 7 arrows
 q - 4 poisoned javelins (quivered)
Armour
 b - a +0 robe (worn)
 k - a +0 helmet of see invisible
 m - a +0 cloak (worn)
Jewellery
 e - a +6 ring of dexterity {unknown}
Scrolls
 g - a scroll of recharging {unknown}
 j - 2 scrolls of identify {unknown}
 l - a scroll of teleportation {unknown}
 o - a scroll of enchant weapon {unknown}
 s - a scroll of random uselessness {unknown}
 w - a scroll of remove curse {unknown}
Potions
 f - a potion of lignification {unknown}
 i - a potion of heal wounds {unknown}
 n - 3 potions of haste {unknown}
 p - 2 potions of curing {unknown}
 r - a potion of poison {unknown}
 u - a potion of cure mutation {unknown}
Books
 c - a book of Changes

   Spells                             Type                      Level
   a - Beastly Appendage              Transmutation                1
   b - Sticks to Snakes               Transmutation                2
   c - Spider Form                    Transmutation/Poison         3
   d - Ice Form                       Ice/Transmutation            4
   e - Blade Hands                    Transmutation                5
Comestibles
 d - a bread ration
 h - 2 slices of pizza
 t - a meat ration
 v - a royal jelly
 x - 2 chunks of flesh


   Skills:
 - Level 1.1 Fighting
 - Level 2.6 Dodging
 - Level 3.2 Unarmed Combat
 - Level 2.0 Spellcasting
 + Level 6.2 Transmutations


You had one spell level left.
You knew the following spells:

 Your Spells              Type           Power        Failure   Level  Hunger
a - Beastly Appendage     Trmt           ###...       1%          1    ##.....
b - Spider Form           Trmt/Pois      #.........   21%         3    ####...
c - Sticks to Snakes      Trmt           ###.......   3%          2    ###....


Dungeon Overview and Level Annotations

Branches:
Dungeon (4/15)
 Temple: D:4-7

Altars:

Annotations:
D:3 jalm's ghost, amateur CeHu


Innate Abilities, Weirdness & Mutations

You revert to your normal form in water.
You are very nimble and swift while swimming.
You have a pair of horns on your head.


Message History

* * * LOW HITPOINT WARNING * * *
You closely miss the orc.
The orc is heavily wounded.
The jackal completely misses you. The orc hits you but does no damage.
The adder skeleton closely misses you. The jackal closely misses you.
You hit the orc.
The orc is severely wounded.
The orc closely misses you. The adder skeleton misses you.
The jackal closely misses you.
You barely miss the orc. You headbutt the orc.
You kill the orc!
The jackal misses you.
The adder skeleton bites you but does no damage.
You hit the jackal.
You kill the jackal!
The adder skeleton bites you.
* * * LOW HITPOINT WARNING * * *
You hit the adder skeleton but do no damage.
You headbutt the adder skeleton. The adder skeleton bites you.
You die...

##########
##.........
#!.........
##..........
##...........
#............
#..<.Z......
#...@)......
#...........
##..........
#.........#
###......##
####..## ###


You could see an adder skeleton.

Vanquished Creatures
  3 adders
  A worm (D:2)
  3 giant geckos
  An orc (D:4)
  10 bats
  5 giant cockroaches
  5 goblins
  6 hobgoblins
  5 jackals
  A quokka (D:2)
  2 ball pythons
  2 giant newts (D:1)
  10 kobolds
  6 rats
60 creatures vanquished.

Vanquished Creatures (collateral kills)
  A worm (D:3)
  A kobold (D:3)
2 creatures vanquished.

Vanquished Creatures (others)
  A jackal (D:4)
1 creature vanquished.

Grand Total: 63 creatures vanquished

Notes
Turn   | Place    | Note
--------------------------------------------------------------
     0 | D:1      | jalm the Merfolk Transmuter began the quest for the Orb.
     0 | D:1      | Reached XP level 1. HP: 15/15 MP: 3/3
   188 | D:1      | Reached XP level 2. HP: 21/21 MP: 1/5
   245 | D:1      | Reached skill level 4 in Transmutations
   686 | D:1      | Reached XP level 3. HP: 19/26 MP: 6/6
  1381 | D:2      | Found a faded altar to an unknown god.
  1413 | D:2      | Reached skill level 5 in Transmutations
  1696 | D:2      | Learned a level 3 spell: Spider Form
  1699 | D:2      | Learned a level 2 spell: Sticks to Snakes
  2378 | D:2      | Reached XP level 4. HP: 32/32 MP: 1/7
  2443 | D:3      | Noticed a phantom
  2888 | D:3      | Reached skill level 6 in Transmutations
  3120 | D:3      | Noticed jalm's ghost (amateur CeHu)
  3134 | D:4      | Slain by an adder skeleton

Vault maps used:
D:1:      dpeg_arrival_rhombus
D:2:      ecumenical_altar_2
D:3:      lemuel_doored_altar, bloody_trog
D:4:      first_bread, nemelex_spade_bored_becter

Action                   |  1- 3 |  4- 6 || total
-------------------------+-------+-------++-------
Melee: Unarmed           |   147 |    52 ||   199
 Cast: Beastly Appendage |    28 |     8 ||    36
       Sticks to Snakes  |     2 |     3 ||     5
       Spider Form       |     1 |       ||     1
 Stab: Sleeping          |     3 |       ||     3
  Eat: Chunk             |     4 |       ||     4
       Bread ration      |     1 |       ||     1
